 Dungeon Crawl Stone Soup version 0.22-a0-126-g307c7c3 (webtiles) character file.

253 zero the Covert (level 5, -8/24 HPs)
             Began as a Spriggan Enchanter on Jan 30, 2018.
             Killed from afar by an orc wizard (11 damage)
             ... with a puff of frost
             ... on level 3 of the Dungeon.
             The game lasted 00:05:36 (4065 turns).

zero the Covert (Spriggan Enchanter)                Turns: 4065, Time: 00:05:37

Health: -8/24      AC:  2    Str:  4    XL:     5   Next: 90%
Magic:  1/10       EV: 18    Int: 16    God:
Gold:   120        SH:  0    Dex: 18    Spells: 0/9 levels left

rFire    . . .     SeeInvis +   a - +1 dagger
rCold    . . .     Gourm    .   (shield restricted)
rNeg     . . .     Faith    .   b - +0 robe
rPois    .         Spirit   .   (helmet restricted)
rElec    .         Reflect  .   (no cloak)
rCorr    .         Harm     .   (gloves unavailable)
MR       .....                  (boots unavailable)
Stlth    +++++.....             (no amulet)
HPRegen  0.08/turn              (no ring)
MPRegen  0.12/turn              (no ring)

@: very slightly contaminated, very quick
A: very small, unfitting armour, see invisible, herbivore, speed 3, slow
metabolism 2
a: no special abilities


You were on level 3 of the Dungeon.
You were not hungry.

You visited 1 branch of the dungeon, and saw 4 of its levels.

You collected 120 gold pieces.

Inventory:

Hand Weapons
 a - a +1 dagger (weapon)
Missiles
 q - a throwing net (quivered)
Armour
 b - a +0 robe (worn)
Jewellery
 u - a +1 ring of protection {unknown}
Scrolls
 e - a scroll of teleportation {unknown}
 j - a scroll of enchant armour {unknown}
 k - 3 scrolls of remove curse {unknown}
 l - 2 scrolls of amnesia {unknown}
 m - 2 scrolls of identify {unknown}
 t - a scroll of fear {unknown}
 v - a scroll of magic mapping {unknown}
Potions
 f - 2 potions of berserk rage {unknown}
 g - a potion of lignification {unknown}
 h - a potion of resistance {unknown}
 i - 2 potions of agility {unknown}
 n - a potion of curing {unknown}
 o - a potion of magic {unknown}
 p - a potion of heal wounds {unknown}
 r - a potion of brilliance {unknown}
 s - a potion of flight {unknown}
Books
 c - a book of Maledictions

   Spells                             Type                      Level
   a - Corona                         Hexes                        1
   b - Ensorcelled Hibernation        Hexes/Ice                    2
   c - Confuse                        Hexes                        3
   d - Tukima's Dance                 Hexes                        3
   e - Dazzling Spray                 Conjuration/Hexes            3
Comestibles
 d - 2 rations


   Skills:
 + Level 1.7 Short Blades
 - Level 3.0 Dodging
 - Level 10.1 Stealth
 - Level 2.6 Spellcasting
 - Level 3.6 Hexes


You couldn't memorise any spells.
You knew the following spells:

 Your Spells              Type           Power        Failure   Level  Hunger
a - Corona                Hex            ##.....      4%          1    #......
b - Ensorcelled Hibernat  Hex/Ice        #.....       14%         2    ##.....
c - Confuse               Hex            ##......     13%         3    ###....
d - Tukima's Dance        Hex            ##......     13%         3    ###....


Dungeon Overview and Level Annotations

Branches:
Dungeon (4/15)
 Temple: D:4-7

Altars:


Innate Abilities, Weirdness & Mutations

You are very small and have problems with some larger weapons.
You are too small for most types of armour.
You have supernaturally acute eyesight. (SInv)
You are a herbivore.
You cover ground extremely quickly.
You need consume almost no food.


Message History

Confirm with . or Enter, or press ? or * to list all spells.
You don't have enough magic to cast that spell.
There is an open door here.
You close the door.
An orc wizard opens the door.
There is an open door here.
A giant cockroach comes into view.
The giant cockroach moves out of view.
You close the door.
You closely miss the giant cockroach. The giant cockroach bites you.
* * * LOW HITPOINT WARNING * * *
An orc wizard opens the door.
The giant cockroach closely misses you.
You hit the giant cockroach.
The giant cockroach is moderately wounded.
The giant cockroach closely misses you.
You hit the giant cockroach but do no damage.
The giant cockroach is moderately wounded.
The orc wizard casts a spell at you. The puff of frost hits you!
You die...

..##.####.### #.# #.# #.#
..##.# #.# #.# #.###.#
.###.# #.# #.# #.....# .#
#.# ##'## #.# ####..#
.###.###...## #.# #..#
.....##.....###.######..#
.#####.....†.##.........#
..............####...#.##
..............'.@s.....#
.###.........o####...#.#
.# #.#.......## ##.##.#
.# #.##....o## ####.# .#
#.###...## #.# .###.#
##'## #.# .....# #.####
#.# .########....#### #.#
.# #...>.....# #.#


You could see an orc wizard and a giant cockroach.

Vanquished Creatures
  A sky beast (D:3)
  A crimson imp (D:3)
  A worker ant (D:3)
  2 adders
  An ooze (D:3)
  A worm (D:2)
  3 dart slugs
  4 leopard geckos
  4 orcs (D:3)
  2 ball pythons
  4 giant cockroaches
  6 goblins
  4 hobgoblins
  7 jackals
  A quokka (D:2)
  7 bats
  5 frilled lizards
  3 kobolds
  5 rats
62 creatures vanquished.

Notes
Turn   | Place    | Note
-------+----------+-------------------------------------------
     0 | D:1      | zero the Spriggan Enchanter began the quest for the Orb.
     0 | D:1      | Reached XP level 1. HP: 9/9 MP: 5/5
    73 | D:1      | Reached skill level 5 in Stealth
   114 | D:1      | Reached XP level 2. HP: 7/13 MP: 6/6
   284 | D:1      | Learned a level 2 spell: Ensorcelled Hibernation
  1036 | D:2      | Reached skill level 6 in Stealth
  1126 | D:2      | Reached XP level 3. HP: 16/16 MP: 8/8
  1131 | D:2      | Learned a level 3 spell: Confuse
  1554 | D:2      | Reached skill level 7 in Stealth
  2406 | D:3      | Reached XP level 4. HP: 21/21 MP: 9/9
  2679 | D:3      | Reached skill level 8 in Stealth
  3807 | D:3      | Noticed a sky beast
  3810 | D:3      | Killed a sky beast
  3810 | D:3      | Reached skill level 9 in Stealth
  3810 | D:3      | Reached XP level 5. HP: 24/24 MP: 10/10
  3815 | D:3      | Learned a level 3 spell: Tukima's Dance
  3959 | D:3      | Reached skill level 10 in Stealth
  4065 | D:3      | Killed from afar by an orc wizard

Vault maps used:
D:1:      mushboom_english_gardens
D:3:      hangedman_abyss_or_decor_stabs
D:4:      minmay_temple_entry_enclosed_plants, first_ration

Skill      XL: |  1  2  3  4  5 |
---------------+----------------+-----
Stealth        | 5 6 7 9 10 | 10.1
Short Blades   | |  1.7
Dodging        | |  3.0
Spellcasting   | |  2.6
Hexes          | |  3.6

Action                   |  1- 3 |  4- 6 || total
-------------------------+-------+-------++-------
Melee: Dagger            |   149 |   136 ||   285
 Cast: Ensorcelled Hiber |    12 |    14 ||    26
 Stab: Sleeping          |    17 |    13 ||    30
       Distracted        |     1 |       ||     1
  Eat: Ration            |       |     2 ||     2
Armor: Robe              |    12 |    18 ||    30
Dodge: Dodged            |   108 |   153 ||   261

Table legend:
 A = Spawn XP
 B = Non-spawn XP
 C = Spawn XP percentage of total XP
 D = Spawn monster count
 E = Non-spawn monster count
 F = Spawn count percentage of total count
 G = Total turns spent on level
                    A         B        C        D         E        F      G
               +---------+---------+-------+---------+---------+-------+---------
         Total |       0 |     362 |   0.0 |       0 |      62 |   0.0 |  4065
               +---------+---------+-------+---------+---------+-------+---------
           D:1 |       0 |      24 |   0.0 |       0 |      13 |   0.0 |  1018
           D:2 |       0 |      48 |   0.0 |       0 |      17 |   0.0 |   995
           D:3 |       0 |     290 |   0.0 |       0 |      32 |   0.0 |  2044
               +---------+---------+-------+---------+---------+-------+---------
